 Dungeon Crawl Stone Soup version 0.20-a0-472-g5c05303 (webtiles) character file.

754 Derfel the Skirmisher (level 7, -8/62 HPs)
             Began as a Hill Orc Fighter on Jan 14, 2017.
             Was a Follower of Qazlal.
             Mangled by Duvessa
             ... wielding a +0 rapier of speed
              (10 damage)
             ... on level 5 of the Dungeon.
             The game lasted 00:12:07 (3846 turns).

Derfel the Skirmisher (Hill Orc Fighter)            Turns: 3846, Time: 00:12:07

Health: -8/62      AC: 13    Str: 20    XL:     7   Next: 79%
Magic:  9/9        EV:  4    Int:  8    God:    Qazlal [*.....]
Gold:   210        SH: 12    Dex: 11    Spells: 6/6 levels left

rFire  . . .     SeeInvis .     a - +0 war axe
rCold  . . .     Gourm    .     h - +0 plate armour
rNeg   . . .     Faith    .     c - +0 shield
rPois  .         Spirit   .     (no helmet)
rElec  .         Reflect  .     B - +0 cloak
rCorr  .         Harm     +     (no gloves)
MR     .....                    (no boots)
Stlth  ..........               e - amulet of harm
                                (no ring)
                                (no ring)

@: no status effects
A: no striking features
a: Renounce Religion


You were on level 5 of the Dungeon.
You worshipped Qazlal.
Qazlal was aware of your devotion.
You were not hungry.

You visited 1 branch of the dungeon, and saw 5 of its levels.

You collected 210 gold pieces.

Inventory:

Hand Weapons
 a - a +0 war axe (weapon)
 b - a +0 hunting sling
 y - a +1 flail of protection
 z - a +0 blowgun
Missiles
 j - 221 stones (quivered)
 A - 13 poisoned needles
 F - 15 sling bullets
Armour
 c - a +0 shield (worn)
 h - a +0 plate armour (worn)
 l - a +0 chain mail
 B - a +0 cloak (worn)
Jewellery
 e - an amulet of harm (around neck)
Wands
 D - a wand of flame (37/48)
 E - a wand of polymorph (4/24)
Scrolls
 i - 2 scrolls of magic mapping
 k - a scroll of identify {@r1}
 o - 2 scrolls of amnesia
 q - a scroll of random uselessness {unknown}
 u - a scroll of remove curse {unknown}
 v - a scroll of enchant armour {unknown}
 w - a scroll of teleportation {unknown}
 x - a scroll of immolation {unknown}
 I - a scroll of fog {unknown}
Potions
 m - 2 potions of cure mutation
 r - a potion of curing {@q1}
 s - 2 potions of flight
 t - 2 potions of haste
 C - a potion of lignification
 G - a potion of resistance {unknown}
 H - a potion of invisibility {unknown}
Comestibles
 d - a chunk of flesh
 f - 2 bread rations
 g - 3 meat rations
 n - a beef jerky


   Skills:
 + Level 5.9 Fighting
 + Level 5.8 Axes
 + Level 5.7 Armour
 + Level 5.4 Shields
 + Level 2.6 Invocations


You had 6 spell levels left.
You didn't know any spells.

Dungeon Overview and Level Annotations

Branches:
Dungeon (5/15)
 Temple: D:4-7

Altars:
Gozag
Makhleb
Nemelex Xobeh
Qazlal

Annotations:
D:5 Duvessa


Message History

You closely miss Duvessa.
Duvessa is severely wounded.
You block Duvessa's attack. x2
You hit Duvessa but do no damage.
Duvessa is severely wounded.
Duvessa hits you but does no damage. x2
Your shield and plate armour prevent you from hitting Duvessa.
Duvessa is severely wounded.
You block Duvessa's attack.
Duvessa hits you with a rapier of speed. x2
You slash Duvessa!
Duvessa is almost dead.
Duvessa hits you with a rapier of speed!
* * * LOW HITPOINT WARNING * * *
You block Duvessa's attack.
You feel better.
Duvessa hits you with a rapier of speed!
* * * LOW HITPOINT WARNING * * *
Duvessa hits you with a rapier of speed!
You die...

#.# #. #.# . #.##.# ##.#
#.##.# ##### #...< #.##.#
##...## ......
#.##.###.....###...... ..
#.##.##.......#....... #.#
#.##.##............... #.#
#...........@e........
#.###.######.....)........
...........##...#####.....
#.###.####.###>.#####?.##.
..# #.# #.# #...).....#
..# #.# #.# #..#####..$.(
#.###.# #.# #..# ..(
#..##.####.###..# .# #
#..##.......##..####..#


You could see Duvessa (berserk).

Vanquished Creatures
  An ogre (D:4)
  A centaur (D:5)
  A gnoll sergeant (D:5)
  Dowan (D:5)
  A crimson imp (D:5)
  2 orc priests (D:3)
  An orc wizard (D:3)
  Natasha (thrice) (D:3)
  9 gnolls
  7 adders
  An ooze (D:1)
  2 worms
  2 dart slugs (D:2)
  8 leopard geckos
  9 orcs
  9 bats
  6 giant cockroaches
  17 hobgoblins
  6 jackals (D:2)
  A quokka (D:2)
  2 ball pythons
  12 goblins
  12 kobolds
  5 rats
119 creatures vanquished.

Notes
Turn   | Place    | Note
-------+----------+-------------------------------------------
     0 | D:1      | Derfel the Hill Orc Fighter began the quest for the Orb.
     0 | D:1      | Reached XP level 1. HP: 19/19 MP: 1/1
   172 | D:1      | Reached XP level 2. HP: 16/27 MP: 2/2
   695 | D:2      | Reached XP level 3. HP: 33/33 MP: 3/3
  1150 | D:2      | Reached XP level 4. HP: 41/41 MP: 4/4
  1451 | D:2      | Found a stormy altar of Qazlal.
  1459 | D:2      | Became a worshipper of Qazlal Stormbringer
  1582 | D:2      | Found a sparkling altar of Nemelex Xobeh.
  1904 | D:3      | Reached XP level 5. HP: 47/47 MP: 5/5
  1916 | D:3      | Noticed Natasha
  1930 | D:3      | Killed Natasha
  1998 | D:3      | Found an opulent altar of Gozag.
  2027 | D:3      | Noticed Natasha
  2396 | D:3      | Reached * piety under Qazlal
  2396 | D:3      | Reached skill level 5 in Fighting
  2396 | D:3      | Reached XP level 6. HP: 41/56 MP: 6/6
  2545 | D:3      | Killed Natasha
  2563 | D:3      | Reached skill level 5 in Armour
  2815 | D:3      | Noticed Natasha
  2820 | D:3      | Killed Natasha
  3240 | D:4      | Reached skill level 5 in Shields
  3240 | D:4      | Reached skill level 1 in Invocations
  3240 | D:4      | Reached XP level 7. HP: 61/61 MP: 6/8
  3309 | D:4      | Reached skill level 5 in Axes
  3369 | D:4      | Found a burning altar of Makhleb.
  3583 | D:5      | Entered Level 5 of the Dungeon
  3780 | D:5      | Noticed Dowan
  3781 | D:5      | Noticed Duvessa
  3828 | D:5      | Killed Dowan
  3846 | D:5      | HP: 2/62 [Duvessa/rapier of speed (19)]
  3846 | D:5      | Mangled by Duvessa

Vault maps used:
D:1:      evilmike_arrival_plus
D:2:      nemelex_altar_shiori, grunt_qazlal_sundering, patterned_corridor
D:3:      corexii_shack_village, nicolae_overflow_hidden_temple, serial_curves,
          eino_curves_01, eino_curves_03, uniq_natasha
D:4:      lightli_temple_of_fire
D:5:      first_bread, nrook_mini_vaults, uniq_duvessa

Skill      XL: |  1  2  3  4  5  6  7 |
---------------+----------------------+-----
Axes           | 3 4 5 |  5.8
Fighting       | 4 5 |  5.9
Armour         | 4 5 |  5.7
Shields        | 4 5 |  5.4
Invocations    | 1 2 |  2.6

Action                   |  1- 3 |  4- 6 |  7- 9 || total
-------------------------+-------+-------+-------++-------
Melee: War axe           |   131 |   247 |    62 ||   440
       Unarmed           |       |    11 |       ||    11
 Fire: Hunting sling     |       |     3 |       ||     3
Throw: Stone             |       |     1 |       ||     1
  Use: Scroll            |       |     8 |     1 ||     9
       Potion            |       |     1 |     3 ||     4
 Stab: Confused          |       |     1 |       ||     1
  Eat: Chunk             |     1 |     7 |     2 ||    10
Armor: Scale mail        |    17 |       |       ||    17
       Chain mail        |    56 |   134 |    12 ||   202
       Skin              |       |     1 |       ||     1
       Plate armour      |       |       |    14 ||    14
Dodge: Dodged            |    27 |    70 |    11 ||   108
Block: Shield            |    61 |   161 |    40 ||   262
